 Dungeon Crawl Stone Soup version 0.17-a0-1632-g0af21bd (webtiles) character file.

447 karlulla the Ducker (level 6, -6/61 HPs)
             Began as a Troll Berserker on Aug 3, 2015.
             Was an Elder of Trog.
             Mangled by an iguana (10 damage)
             ... on level 4 of the Dungeon.
             The game lasted 00:26:32 (4325 turns).

karlulla the Ducker (Troll Berserker)               Turns: 4325, Time: 00:26:32

Health: -6/61      AC:  5    Str: 26    XL:     6   Next: 73%
Magic:  5/5        EV: 11    Int:  4    God:    Trog [****..]
Gold:   122        SH:  0    Dex: 10    Spells: 0 memorised, 5 levels left

rFire  . . .     SeeInvis .     t - -1 short sword (curse)
rCold  . . .     Clarity  .     u - +0 robe
rNeg   . . .     SustAt   .     (no shield)
rPois  .         Gourm    +     (helmet restricted)
rElec  .         Spirit   .     (no cloak)
rCorr  .         Warding  .     (gloves unavailable)
rMut   .         Stasis   .     (boots unavailable)
MR     .....                    z - amulet of inaccuracy (curse)
Stlth  +.........               (no ring)
                                s - ring of flight

@: not resistant to hostile enchantments, very unstealthy
A: unfitting armour, claws 3, fast metabolism 3, gourmand, regeneration 2,
shaggy fur 1, tough skin 2
a: Burn Spellbooks, Berserk, Trog's Hand, Brothers in Arms, Renounce Religion,
Evoke Flight


You were on level 4 of the Dungeon.
You worshipped Trog.
Trog was greatly pleased with you.
You were not hungry.

You visited 1 branch of the dungeon, and saw 4 of its levels.

You collected 122 gold pieces.

Inventory:

Hand weapons
 a - a +0 short sword
 m - a +0 club
 t - a cursed -1 short sword (weapon)
Armour
 b - a +0 animal skin
 i - a +0 robe
 l - a +0 ring mail
 o - a +0 animal skin
 p - a +0 leather armour
 u - a +0 robe (worn)
 v - a +1 helmet
Jewellery
 s - a ring of flight (left claw)
 z - a cursed amulet of inaccuracy (around neck)
Scrolls
 q - a scroll of amnesia
 x - a scroll of enchant armour {unknown}
 y - a scroll of random uselessness {unknown}
 A - a scroll of recharging
 C - a scroll of blinking {unknown}
 D - a scroll of noise {unknown}
 E - a scroll of identify
 F - a scroll of teleportation
Potions
 d - a potion of brilliance
 e - a potion of curing
 h - a potion of ambrosia {unknown}
 j - a potion of haste {unknown}
 k - a potion of magic {unknown}
 n - a potion of cure mutation
 r - a potion of lignification
 w - a potion of invisibility {unknown}
Comestibles
 c - 3 bread rations
 f - 2 slices of pizza
 g - 2 meat rations


   Skills:
 + Level 3.5 Fighting
 + Level 3.1 Short Blades
 + Level 5.4 Dodging
 + Level 0.1 Stealth


You had 5 spell levels left.
You didn't know any spells.

Dungeon Overview and Level Annotations

Branches:
Dungeon (4/15)
 Temple: D:4-7

Altars:
Okawaru


Innate Abilities, Weirdness & Mutations

You are too large for most types of armour.
You have claws for hands.
Your metabolism is lightning-fast.
You like to eat raw meat.
You heal very quickly.
You are covered in fur (AC +1).
You have very tough skin (AC +2).


Message History

You miss the iguana.
The iguana is moderately wounded.
The iguana bites you!
* * * LOW HITPOINT WARNING * * *
You hit the iguana but do no damage.
The iguana is moderately wounded.
The iguana bites you.
* * * LOW HITPOINT WARNING * * *
You barely miss the iguana.
The iguana is moderately wounded.
The iguana bites you!
* * * LOW HITPOINT WARNING * * *
You hit the iguana.
The iguana is moderately wounded.
The iguana bites you.
* * * LOW HITPOINT WARNING * * *
You closely miss the iguana.
The iguana is moderately wounded.
The iguana bites you!
You die...

####### #.....#
+.....# #.....#
#.....# #.....#
#..l..#
####+####..@..#
#.............#
#.............+
+.............#
#.............#
#.............#
#.............#
#.............#
#......##'#####


You could see an iguana.

Vanquished Creatures
  3 hounds
  An orc priest (D:4)
  A giant frog skeleton (D:3)
  An orc wizard (D:3)
  Jessica (D:3)
  2 worker ants (D:4)
  Robin (D:3)
  4 adders
  A gnoll (D:2)
  2 oozes
  2 worms
  3 giant geckos
  14 orcs
  5 giant cockroaches
  20 goblins
  9 hobgoblins
  6 jackals
  9 kobolds
  2 quokkas
  A ball python (D:1)
  A ball python skeleton (D:4)
  8 bats
  4 giant newts
  13 rats
114 creatures vanquished.

Notes
Turn   | Place    | Note
--------------------------------------------------------------
     0 | D:1      | karlulla the Troll Berserker began the quest for the Orb.
     0 | D:1      | Reached XP level 1. HP: 22/22 MP: 0/0
   117 | D:1      | Reached XP level 2. HP: 29/29 MP: 1/1
   404 | D:1      | Acquired Trog's second power
   710 | D:1      | Reached XP level 3. HP: 31/36 MP: 2/2
  1057 | D:2      | Reached skill level 3 in Dodging
  1869 | D:2      | Reached XP level 4. HP: 45/45 MP: 3/3
  1934 | D:2      | Reached skill level 4 in Dodging
  2146 | D:3      | Reached XP level 5. HP: 53/53 MP: 4/4
  2863 | D:3      | Noticed Jessica
  2909 | D:3      | Killed Jessica
  2909 | D:3      | Reached XP level 6. HP: 42/61 MP: 5/5
  2971 | D:3      | Noticed Robin
  3094 | D:3      | Killed Robin
  3094 | D:3      | Reached skill level 5 in Dodging
  3253 | D:3      | Acquired Trog's third power
  3885 | D:4      | Found an iron altar of Okawaru.
  4324 | D:4      | HP: 3/61 [iguana (3)]
  4325 | D:4      | Mangled by an iguana

Vault maps used:
D:1:      lightli_arrival_maybe_door_vault
D:2:      first_bread, cheibrodos_gnoll_hut
D:3:      minmay_cupped, uniq_jessica, uniq_robin
D:4:      okawaru_ov_weapons_minmay

Action                   |  1- 3 |  4- 6 || total
-------------------------+-------+-------++-------
Melee: Short sword       |    53 |   356 ||   409
       Dagger            |   380 |   207 ||   587
Invok: Berserk           |     4 |    11 ||    15
  Use: Potion            |       |     7 ||     7
       Scroll            |       |     5 ||     5
 Stab: Sleeping          |       |     1 ||     1
  Eat: Chunk             |    13 |    34 ||    47
       Bread ration      |     1 |     1 ||     2
